 Dungeon Crawl Stone Soup version 0.18-a0-1577-gf591c28 (webtiles) character file.

1698 Duffy the Grappler (level 8, 75/75 HPs)
             Began as a Troll Fighter on Mar 18, 2016.
             Was an Elder of Cheibriados.
             Quit the game on level 6 of the Dungeon.
             The game lasted 00:06:44 (4645 turns).

Duffy the Grappler (Troll Fighter)                  Turns: 4645, Time: 00:06:44

Health: 75/75      AC:  6    Str: 34    XL:     8   Next: 72%
Magic:  8/8        EV: 12    Int: 14    God:    Cheibriados [****..]
Gold:   208        SH:  0    Dex: 19    Spells: 0 memorised, 7 levels left

rFire  . . .     SeeInvis .       - Unarmed
rCold  . . .     Gourm    +     p - +1 robe {MR+}
rNeg   . . .     Faith    .     (no shield)
rPois  .         Spirit   .     (helmet restricted)
rElec  .         Dismiss  .     (no cloak)
rCorr  .         Reflect  .     (gloves unavailable)
SustAt .         Harm     .     (boots unavailable)
MR     +....                    D - amulet of rage
Stlth  ++........               (no ring)
                                (no ring)

@: drained, very slow, somewhat resistant to hostile enchantments, unstealthy
A: unfitting armour, claws 3, fast metabolism 3, gourmand, regeneration 2,
shaggy fur 1, tough skin 2
a: Bend Time, Temporal Distortion, Slouch, Renounce Religion, Evoke Berserk Rage


You were on level 6 of the Dungeon.
You worshipped Cheibriados.
Cheibriados was greatly pleased with you.
You were completely stuffed.

You visited 2 branches of the dungeon, and saw 7 of its levels.
You also visited: Sewer and Ossuary.

You collected 208 gold pieces.


Innate Abilities, Weirdness & Mutations

You are too large for most types of armour.
You have claws for hands.
Your metabolism is lightning-fast.
You like to eat raw meat.
You heal very quickly.
You are covered in fur (AC +1).
You have very tough skin (AC +2).


   Skills:
 + Level 3.5(3.3) Fighting
 + Level 3.5(3.3) Dodging
 - Level 2.4(2.2) Shields
 - Level 10.0(9.8) Unarmed Combat
 * Level 2.4(2.2) Invocations


You had 7 spell levels left.
You didn't know any spells.

Inventory:

Missiles
 I - a throwing net (quivered)
Armour
 b - a +0 shield
 p - a +1 robe of magic resistance (worn)
Jewellery
 k - an uncursed ring of ice
 D - an amulet of rage (around neck)
 E - an uncursed amulet of the gourmand
 G - an uncursed amulet of harm
Wands
 x - a wand of heal wounds (1/9)
Scrolls
 a - a scroll of magic mapping
 f - a scroll of blinking {unknown}
 g - a scroll of immolation {unknown}
 l - 5 scrolls of identify
 m - a scroll of remove curse
 n - 5 scrolls of teleportation
 o - a scroll of enchant weapon {unknown}
 q - a scroll of recharging {unknown}
 y - a scroll of fog {unknown}
 C - a scroll of enchant armour {unknown}
Potions
 c - 2 potions of might
 e - 2 potions of invisibility {unknown}
 h - a potion of resistance {unknown}
 i - 2 potions of brilliance {unknown}
 j - a potion of agility {unknown}
 r - 6 potions of degeneration {unknown}
 s - 7 potions of curing
 v - a potion of ambrosia {unknown}
 w - a potion of flight {unknown}
 z - a potion of heal wounds {unknown}
 A - 2 potions of magic {unknown}
 F - a potion of haste {unknown}
Comestibles
 d - 7 bread rations
 t - 7 fruits
 u - 2 meat rations
 B - 2 beef jerkies
 H - a chunk of flesh
 J - a slice of pizza

Dungeon Overview and Level Annotations

Branches:
Dungeon (6/15)             Temple (1/1) D:4

Altars:
Cheibriados
Dithmenos
Elyvilon
Fedhas
Gozag
Kikubaaqudgha
Nemelex Xobeh
Pakellas
Qazlal
Ru
Sif Muna
Trog
Vehumet
Xom
Zin
The Shining One

Shops:
D:5 (   D:6 =


Message History

The orc hits you but does no damage. The orc barely misses you.
You mangle the orc wizard!!
You kill the orc wizard!
Cheibriados thoroughly appreciates the change of pace.
You can now inflict damage on those overly hasty.
Cheibriados raises the support of your attributes as your movement slows.
The orc closely misses you. The orc misses you.
You barely miss the orc. The orc misses you.
You scratch the orc but do no damage. The orc closely misses you.
You claw the orc!
You kill the orc!
Cheibriados appreciates the change of pace.
The orc barely misses you.
You closely miss the orc. The orc closely misses you.
You closely miss the orc. The orc hits you but does no damage.
You claw the orc!
You kill the orc!
Cheibriados appreciates the change of pace.
No target in view!
No target in view!
No target in view!
No target in view!
No target in view!
No target in view!
No target in view!
No target in view!
No target in view!
No target in view!
No target in view!
No target in view!
No target in view!
No target in view!
You see here a leather armour.
There is an entrance to Ralower's Jewellery Emporium here.
Are you sure you want to abandon this character and quit the game? (Confirm with "yes".)

..# #####,,,,******** ..#
#...#,**,**,,,,<* ***** ..#####
#...#,**,**,***** *,,,,
......#####)..#,**,,,,,,,********
......'...')..+,,,,,,,,,,,,,,,>*
..>...###.#[..#,*****,**,,,,,,,*
......# #.#...+,,,,,,<,,,*****,*
......# #.#...+#####****,* *,*
##....# #.#.....@..#****,*****,**
*#....# #.###......+,,,,,,,,,,,,,
,..#### #.# #..)...#****,*****,**
...* #.# ##+####...,,,,,,,,,**
.,,* ***#+#***,****.##**,****,,,,
.,,* *,,,,,,,,,*,**,# *,****,***
.,,* *,,,,,,,,,*,**,* *,*,,,,,**
,,,* *,,,,,,,,,*,**,****,,,,,,,,,
**,***,,,,,,,,,,,,,,,,,,**,,_,,,*


There were no monsters in sight!

Action                   |  1- 3 |  4- 6 |  7- 9 || total
-------------------------+-------+-------+-------++-------
Melee: Unarmed           |   111 |    61 |   198 ||   370
  Use: Scroll            |       |       |     4 ||     4
 Stab: Sleeping          |     1 |       |     3 ||     4
       Paralysed         |       |     1 |       ||     1
  Eat: Chunk             |    18 |     6 |    15 ||    39

Notes
Turn   | Place    | Note
--------------------------------------------------------------
     0 | D:1      | Duffy the Troll Fighter began the quest for the Orb.
     0 | D:1      | Reached XP level 1. HP: 22/22 MP: 0/0
   114 | D:1      | Reached XP level 2. HP: 29/29 MP: 1/1
   123 | D:1      | Reached skill level 3 in Unarmed Combat
   957 | D:2      | Reached XP level 3. HP: 36/36 MP: 2/2
  1334 | D:2      | Found a sacrificial altar of Ru.
  1338 | D:2      | Reached skill level 4 in Unarmed Combat
  1348 | D:2      | Reached XP level 4. HP: 41/44 MP: 3/3
  1408 | D:2      | Noticed Sigmund
  1416 | D:2      | Killed Sigmund
  1416 | D:2      | Reached skill level 6 in Unarmed Combat
  1416 | D:2      | Reached XP level 5. HP: 40/50 MP: 4/4
  1577 | D:2      | Found a snail-covered altar of Cheibriados.
  1577 | D:2      | Found a blossoming altar of Fedhas.
  1584 | D:2      | Became a worshipper of Cheibriados the Contemplative
  1735 | D:3      | Noticed Terence
  1738 | D:3      | Reached XP level 6. HP: 59/59 MP: 5/5
  1741 | D:3      | Killed Terence
  1754 | D:3      | Reached skill level 7 in Unarmed Combat
  1791 | D:3      | Found a glowing drain.
  1804 | Sewer    | Entered a sewer
  1844 | Sewer    | Noticed Purgy
  1852 | Sewer    | Killed Purgy
  1852 | Sewer    | Reached * piety under Cheibriados
  2084 | D:3      | Reached XP level 7. HP: 59/66 MP: 6/6
  2877 | D:4      | Noticed PeterLawrence's ghost (amateur MiFi)
  2883 | D:4      | Killed PeterLawrence's ghost
  2883 | D:4      | Reached skill level 8 in Unarmed Combat
  2886 | D:4      | Found a sand-covered staircase.
  2893 | Ossuary  | Entered an ossuary
  2930 | Ossuary  | Reached skill level 9 in Unarmed Combat
  2934 | Ossuary  | Reached ** piety under Cheibriados
  3060 | Ossuary  | Reached XP level 8. HP: 68/74 MP: 7/7
  3255 | D:4      | Found a staircase to the Ecumenical Temple.
  3261 | Temple   | Entered the Ecumenical Temple
  3721 | D:5      | Entered Level 5 of the Dungeon
  3749 | D:5      | Reached skill level 10 in Unarmed Combat
  3768 | D:5      | Reached *** piety under Cheibriados
  3872 | D:5      | Reached skill level 3 in Fighting
  3872 | D:5      | Reached skill level 3 in Dodging
  3985 | D:5      | Found Jureqeh's Weapon Boutique.
  4136 | D:5      | Reached skill level 1 in Invocations
  4500 | D:6      | Found an oddly glowing altar of Pakellas.
  4576 | D:6      | Reached skill level 2 in Invocations
  4632 | D:6      | Reached **** piety under Cheibriados
  4641 | D:6      | Found Ralower's Jewellery Emporium.
  4645 | D:6      | Quit the game

Vault maps used:
D:1:      roderic_crop_circles_arrival_small, glass_columns_c,
          minmay_misc_feat_alley
D:2:      nicolae_ru_great_annihilating_truth, amethyst_overflow_temple_binary,
          lexackson_kobold_supper, uniq_sigmund
D:3:      portal_sewer_entry_a, nrook_mini_backslash, uniq_terence
D:4:      minmay_temple_entry_hall, first_bread, chequers_ossuary_entry_cave
D:5:      serial_shops, kennysheep_mini_moat
D:6:      yredelemnul_altar_generic, okawaru_gym_becter, serial_shops, shop,
          grunt_pakellas_salt
Temple:   circular_temple_12
Sewer:    sewer_co_purgy_island
Ossuary:  ossuary_tomb_2

Vanquished Creatures
  The ghost of PeterLawrence the Basher, an amateur MiFi of Okawaru Sigmund Purgy
  5 water moccasin zombies
  A wyvern skeleton
  A scorpion
  2 howler monkeys
  3 wights
  A crimson imp
  A centaur zombie
  2 hounds
  An orc priest
  4 orc wizards Terence
  A gnoll shaman
  A big kobold zombie
  2 mummies
  2 worker ant zombies
  9 gnolls
  7 adders
  A shadow imp
  7 adder zombies
  An adder skeleton
  3 worms
  A dart slug
  2 giant geckos
  12 orcs
  6 ball pythons
  2 giant cockroaches
  2 goblins
  12 hobgoblins
  4 jackals
  4 quokkas
  5 bats
  2 giant newts
  2 hobgoblin zombies
  11 kobolds
  4 kobold zombies
  7 orc zombies
  9 rats
  A plant
145 creatures vanquished.
